 Dungeon Crawl Stone Soup version bcrawl-1.21.2-1-g32d02e0829 (webtiles) character file.

Game seed: 890736229074869979

4259 Mrkan the Basher (level 10, -4/90 HPs)
             Began as a Minotaur Monk on Feb 23, 2020.
             Was an Elder of Trog.
             Slain by a death yak (22 damage)
             ... on level 7 of the Dungeon.
             The game lasted 00:09:42 (6404 turns).

Mrkan the Basher (Minotaur Monk)                    Turns: 6404, Time: 00:09:43

Health: -4/90      AC: 12    Str: 16 (19) XL:     10   Next: 10%
Magic:  0/10       EV:  9    Int:  4 (7)  God:    Trog [****..]
Gold:   428        SH:  0    Dex: 12 (13) Spells: 9/9 levels left

rFire    + + .     SeeInvis .   C - +7 morningstar
rCold    + + .     Gourm    .   (no shield)
rNeg     . . .     Faith    .   o - +0 chain mail
rPois    +         Spirit   +   m - +2 hat
rElec    +         Reflect  .   s - scarf {rC+ rF+}
rCorr    +         Harm     .   (no gloves)
MR       .....                  (no boots)
Stlth    ..........             d - amulet of guardian spirit
HPRegen  0.25/turn              (no ring)
MPRegen  0.12/turn              (no ring)

@: resistant, drained
A: retaliatory headbutt, horns 2
a: Berserk, Trog's Hand, Brothers in Arms, Renounce Religion


You were on level 7 of the Dungeon.
You worshipped Trog.
Trog was greatly pleased with you.
You were hungry.

You visited 1 branch of the dungeon, and saw 7 of its levels.

You collected 428 gold pieces.

Inventory:

Hand Weapons
 y - a +5 mace
 C - a +7 morningstar (weapon)
Armour
 m - a +2 hat (worn)
 o - a +0 chain mail (worn)
 s - a scarf of resistance (worn)
Jewellery
 c - an uncursed ring of resist corrosion {unknown}
 d - an amulet of guardian spirit (around neck)
 r - an uncursed ring of protection from fire {unknown}
 B - an uncursed ring of stealth {unknown}
Wands
 b - a wand of acid (7)
 p - a wand of paralysis (12)
 u - a wand of digging (17)
Scrolls
 f - a scroll of blinking
 g - 2 scrolls of amnesia
 j - 6 scrolls of remove curse
 l - 3 scrolls of identify
 v - 5 scrolls of teleportation
Potions
 h - 3 potions of curing
 i - 2 potions of degeneration
 k - 2 potions of resistance
 n - 2 potions of magic {unknown}
 q - a potion of haste {unknown}
 t - a potion of heal wounds
 x - 2 potions of mutation {unknown}
 z - a potion of lignification {unknown}
 A - a potion of brilliance {unknown}
Comestibles
 e - 8 rations {!d}


   Skills:
 + Level 8.7(7.4) Fighting
 * Level 11.5(10.1) Maces & Flails
 + Level 7.7(6.4) Armour
 + Level 8.0(6.8) Dodging
 - Level 1.7(0.7) Stealth
   Level 2.0(0.9) Invocations


You had 9 spell levels left.
You didn't know any spells.
Your spell library was empty.

Dungeon Overview and Level Annotations

Branches:
Dungeon (7/12)               Lair (0/6) D:7
 Temple: D:4-7

Altars:
Cheibriados
Elyvilon
Qazlal
Ru
Sif Muna
Trog
Wu Jian
The Shining One


Innate Abilities, Weirdness & Mutations

You reflexively headbutt those who attack you in melee.
You have a pair of horns on your head.


Message History

You feel better. The death yak barely misses you.
It was a potion of degeneration.
There was something very wrong with that liquid.
You feel weakened.
You feel dopey.
You feel clumsy.
The orc warrior hits you with a +0 long sword.
* * * LOW HITPOINT WARNING * * *
The death yak gores you!
* * * LOW HITPOINT WARNING * * *
It was a potion of resistance.
You feel protected. The orc warrior barely misses you.
The death yak barely misses you. You furiously retaliate!
You headbutt the death yak, but do no damage.
An orc comes into view. It is wielding a +0 trident.
It was a potion of heal wounds.
You feel much better.
The orc shouts!
The orc warrior hits you with a +0 long sword!
* * * LOW HITPOINT WARNING * * *
The death yak gores you!!
You die...

...#.....
..+.r..r ##
..#...o. #.
..o....# ##.
##ro... #..
..rr
#..##.###o#
#....ro@Yz#
#...#####)#
#. #.....#
#.#..........
.....########
##.... #....
......
###..#.


You could see a death yak, an orc warrior, a hell rat, a wight, a river rat, 2
orcs and a quokka.

Vanquished Creatures
  2 trolls
  6 yaks
  A steam dragon (D:6)
  Menkaure (D:6)
  3 orc warriors (D:6)
  A phantom (D:4)
  2 sky beasts (D:5)
  3 ice beasts (D:5)
  2 ogres
  A big kobold (D:6)
  2 scorpions
  5 wights
  3 howler monkeys
  A crimson imp (D:5)
  A quasit (D:6)
  6 orc priests
  2 hounds
  12 orc wizards
  A centaur skeleton (D:5)
  2 jellies
  An iguana (D:6)
  Jessica (D:3)
  5 worker ants
  2 hound skeletons (D:5)
  A worker ant zombie (D:6)
  A howler monkey zombie (D:5)
  4 gnolls (D:5)
  15 adders
  An ooze (D:2)
  An adder skeleton (D:4)
  4 worms
  2 dart slugs
  3 leopard geckos
  34 orcs
  8 bats
  3 giant cockroaches
  4 goblins
  8 hobgoblins
  18 jackals
  9 kobolds
  2 quokkas (D:4)
  A ball python (D:1)
  2 frilled lizards
  14 rats
201 creatures vanquished.

Notes
Turn   | Place    | Note
-------+----------+-------------------------------------------
     0 | D:1      | Mrkan the Minotaur Monk began the quest for the Orb.
     0 | D:1      | Reached XP level 1. HP: 19/19 MP: 1/1
    88 | D:1      | Reached XP level 2. HP: 26/27 MP: 2/2
    90 | D:1      | Reached skill level 4 in Maces & Flails
   176 | D:1      | Reached skill level 1 in Armour
   343 | D:1      | Reached XP level 3. HP: 20/33 MP: 3/3
   878 | D:2      | Reached XP level 4. HP: 37/40 MP: 4/4
  1031 | D:2      | Found a sacrificial altar of Ru.
  1032 | D:2      | Found a shimmering blue altar of Sif Muna.
  1193 | D:2      | Found a bloodstained altar of Trog.
  1200 | D:2      | Became a worshipper of Trog the Wrathful
  1200 | D:2      | Reached * piety under Trog
  1200 | D:2      | Reached ** piety under Trog
  1287 | D:2      | Reached skill level 5 in Maces & Flails
  1736 | D:2      | Reached XP level 5. HP: 32/47 MP: 5/5
  2073 | D:3      | Reached XP level 6. HP: 22/55 MP: 2/6
  2075 | D:3      | Reached skill level 6 in Maces & Flails
  2084 | D:3      | Found a snail-covered altar of Cheibriados.
  2574 | D:3      | Noticed Jessica
  2579 | D:3      | Killed Jessica
  2579 | D:3      | Reached skill level 5 in Fighting
  2798 | D:3      | Found a stormy altar of Qazlal.
  2845 | D:4      | Noticed a troll
  2856 | D:4      | Killed a troll
  2856 | D:4      | Reached skill level 7 in Maces & Flails
  2856 | D:4      | Reached skill level 5 in Dodging
  2856 | D:4      | Reached XP level 7. HP: 14/61 MP: 2/7
  3137 | D:4      | Reached *** piety under Trog
  3323 | D:4      | Reached skill level 8 in Maces & Flails
  3323 | D:4      | Reached XP level 8. HP: 34/70 MP: 8/8
  3533 | D:4      | Found an ornate altar of the Wu Jian Council.
  3982 | D:5      | Entered Level 5 of the Dungeon
  4262 | D:4      | Reached skill level 5 in Armour
  4309 | D:5      | Reached **** piety under Trog
  4390 | D:5      | Noticed a troll
  4404 | D:5      | Killed a troll
  4404 | D:5      | Reached skill level 9 in Maces & Flails
  4549 | D:5      | Found a glowing golden altar of the Shining One.
  4624 | D:5      | Reached XP level 9. HP: 79/79 MP: 9/9
  4795 | D:5      | Found a white marble altar of Elyvilon.
  5014 | D:5      | Reached skill level 10 in Maces & Flails
  5640 | D:6      | Reached skill level 11 in Maces & Flails
  5829 | D:6      | Noticed Menkaure
  5834 | D:6      | Killed Menkaure
  5982 | D:6      | Reached XP level 10. HP: 66/90 MP: 7/10
  6389 | D:7      | Found a staircase to the Lair.
  6389 | D:7      | Noticed a death yak
  6389 | D:7      | Noticed a death yak
  6393 | D:7      | Noticed a death yak
  6404 | D:7      | Slain by a death yak

Skill      XL: |  1  2  3  4  5  6  7  8  9 10 |
---------------+-------------------------------+-----
Maces & Flails | 4 5 7 8 9 11 | 11.5
Armour         | 1 2 3 4 6 7 |  7.7
Fighting       | 4 5 6 7 8 |  8.7
Dodging        | 4 5 6 7 8 |  8.0
Stealth        | |  1.7
Invocations    | |  2.0

Action                   |  1- 3 |  4- 6 |  7- 9 | 10-12 || total
-------------------------+-------+-------+-------+-------++-------
Melee: Mace              |    82 |   146 |   192 |       ||   420
       Headbutt          |    14 |    22 |    60 |     8 ||   104
       Morningstar       |       |       |    83 |    25 ||   108
Invok: Berserk           |       |     3 |     3 |       ||     6
       Trog's Hand       |       |     1 |     1 |       ||     2
  Use: Scroll            |       |       |    11 |       ||    11
       Potion            |       |       |     1 |     4 ||     5
 Stab: Sleeping          |     6 |       |       |       ||     6
  Eat: Chunk             |       |     9 |    10 |     1 ||    20
       Ration            |       |       |     1 |       ||     1
Armor: Leather armour    |    16 |       |       |       ||    16
       Chain mail        |       |   141 |   162 |     8 ||   311
Dodge: Dodged            |    65 |   116 |   182 |    19 ||   382
